 Dungeon Crawl Stone Soup version 0.25-a0-949-gdd2af9e06e (webtiles) character file.

Game seed: 3360314568712849542, levelgen mode: deterministic

211351 gruber the Sage (level 18, -7/140 HPs)
             Began as a Gnoll Ice Elementalist on May 8, 2020.
             Was a High Priest of Sif Muna.
             Killed from afar by a fire dragon (20 damage)
             ... with a blast of flame
             ... on level 2 of the Depths.
             The game lasted 01:54:06 (46786 turns).

gruber the Sage (Gnoll Ice Elementalist)           Turns: 46786, Time: 01:54:07

Health: -7/140     AC: 21    Str: 12    XL:     18   Next: 88%
Magic:  21/35      EV: 17    Int: 25    God:    Sif Muna [*****.]
Gold:   3425       SH:  7    Dex: 10    Spells: 7/43 levels left

rFire    + . .     SeeInvis .   n - +4 flail of Experimentation {protect, +Inv rF+ rC+ Dex-5}
rCold    + + .     Gourm    .   G - +1 buckler {rC+}
rNeg     . . .     Faith    .   W - +1 troll leather armour {Snorg}
rPois    .         Spirit   .   o - +2 hat
rElec    .         Reflect  .   u - +0 cloak
rCorr    +         Harm     .   r - +0 pair of gloves
MR       ++...                  K - +0 pair of boots "Xontiff" {MR+ rCorr}
Stlth    +++++.....             (no amulet)
HPRegen  0.73/turn              E - ring of wizardry
MPRegen  0.24/turn              Z - ring of Robustness {AC+8}

@: no status effects
A: distributed training, fangs 1, strong nose
}: 1/15 runes: decaying
a: Channel Magic, Forget Spell, Divine Exegesis, Renounce Religion, Evoke
Invisibility


You were on level 2 of the Depths.
You worshipped Sif Muna.
Sif Muna was extremely pleased with you.
You were near starving.

You visited 5 branches of the dungeon, and saw 29 of its levels.
You also visited: Ice Cave.

You collected 3643 gold pieces.
You spent 218 gold pieces at shops.

Inventory:

Hand Weapons
 n - the +4 flail of Experimentation (weapon) {protect, +Inv rF+ rC+ Dex-5}
   (You found it on level 4 of the Lair of Beasts)

   It grants its wielder temporary protection when it strikes (+7 to AC).
   It affects your dexterity (-5).
   It protects you from fire.
   It protects you from cold.
   It lets you turn invisible.
Missiles
 C - 5 datura-tipped darts
 M - 115 poisoned darts (quivered)
Armour
 o - a +2 hat (worn)
 r - a +0 pair of gloves (worn)
 u - a +0 cloak (worn)
 G - a +1 buckler of cold resistance (worn)
 K - the +0 pair of boots "Xontiff" (worn) {MR+ rCorr}
   (You bought it in a shop on level 14 of the Dungeon)

   It affects your resistance to hostile enchantments.
   It provides partial protection from all sources of acid and corrosion.
 W - a +1 troll leather armour (worn) {Snorg}
Magical Staves
 T - an uncursed staff of wizardry
 V - an uncursed staff of cold
Jewellery
 y - a +4 ring of slaying
 E - a ring of wizardry (left hand)
 S - an uncursed ring of see invisible
 Z - the ring of Robustness (right hand) {AC+8}
   (You found it on level 6 of the Lair of Beasts)

   [ring of protection]

   It affects your AC (+8).
Wands
 a - a wand of enslavement (8)
 j - a wand of flame (31)
 t - a wand of paralysis (17)
 H - a wand of clouds (7)
 J - a wand of acid (15)
 L - a wand of iceblast (26)
 O - a wand of polymorph (4)
 Q - a wand of digging (11)
Scrolls
 e - 3 scrolls of immolation {unknown}
 g - 11 scrolls of remove curse
 k - 5 scrolls of fog {unknown}
 m - 14 scrolls of teleportation
 q - 7 scrolls of enchant armour {unknown}
 w - 7 scrolls of magic mapping {unknown}
 x - 3 scrolls of enchant weapon {unknown}
 I - 3 scrolls of amnesia
 N - a scroll of silence
 P - 2 scrolls of fear
 R - 2 scrolls of blinking
Potions
 b - 7 potions of brilliance
 d - 9 potions of flight
 f - 2 potions of might
 h - a potion of invisibility
 i - 7 potions of mutation
 l - 12 potions of curing
 s - 7 potions of haste
 v - a potion of magic
 z - 2 potions of resistance
 A - 5 potions of cancellation
 D - 8 potions of berserk rage
 F - 4 potions of lignification
 X - a potion of stabbing
Comestibles
 c - 48 rations


   Skills:
 + Level 12.2 Fighting
 + Level 12.2 Short Blades
 + Level 12.2 Long Blades
 + Level 12.2 Axes
 + Level 12.2 Maces & Flails
 + Level 12.2 Polearms
 + Level 12.2 Staves
 + Level 12.2 Slings
 + Level 12.2 Bows
 + Level 12.2 Crossbows
 + Level 12.2 Throwing
 + Level 12.2 Armour
 + Level 13.0 Dodging
 + Level 12.8 Stealth
 + Level 12.2 Shields
 + Level 12.2 Unarmed Combat
 + Level 13.1 Spellcasting
 + Level 10.5 Conjurations
 + Level 10.5 Hexes
 + Level 10.5 Charms
 + Level 10.5 Summonings
 + Level 10.5 Necromancy
 + Level 10.5 Translocations
 + Level 10.5 Transmutations
 + Level 10.5 Fire Magic
 + Level 12.4 Ice Magic
 + Level 10.5 Air Magic
 + Level 10.5 Earth Magic
 + Level 10.5 Poison Magic
 + Level 13.2 Invocations
 + Level 12.2 Evocations


You had 7 spell levels left.
You knew the following spells:

 Your Spells              Type           Power        Failure   Level  Hunger
a - Freeze                Ice            ####         1%          1    None
b - Frozen Ramparts       Ice            ######       1%          3    None
c - Ozocubu's Armour      Chrm/Ice       ######..     1%          3    None
d - Hailstorm             Conj/Ice       ######..     1%          4    None
e - Summon Ice Beast      Ice/Summ       ######..     1%          4    None
f - Blink                 Tloc           N/A          1%          2    None
g - Mephitic Cloud        Conj/Pois/Air  ######..     1%          3    None
h - Sticky Flame          Conj/Fire      ######..     1%          4    None
i - Freezing Cloud        Conj/Ice/Air   ######....   2%          6    #####..
j - Iron Shot             Conj/Erth      ######....   3%          6    #####..

Your spell library contained the following spells:

 Spells                   Type           Power        Failure   Level  Hunger
 Beastly Appendage        Tmut           ######       1%          1    None
 Corona                   Hex            ######.      1%          1    None
 Foxfire                  Conj/Fire      ####         1%          1    None
 Infusion                 Chrm           ####         1%          1    None
 Magic Dart               Conj           ####         1%          1    None
 Sandblast                Erth           ######       1%          1    None
 Shock                    Conj/Air       ####         1%          1    None
 Summon Small Mammal      Summ           ####         1%          1    None
 Call Imp                 Summ           ######..     1%          2    None
 Corpse Rot               Necr/Air       N/A          1%          2    None
 Ensorcelled Hibernation  Hex/Ice        ######       1%          2    None
 Passwall                 Tmut/Erth      ######..     1%          2    None
 Poisonous Vapours        Pois/Air       ######       1%          2    None
 Searing Ray              Conj           ######       1%          2    None
 Shroud of Golubria       Chrm/Tloc      ######       1%          2    None
 Slow                     Hex            ######..     1%          2    None
 Song of Slaying          Chrm           ######..     1%          2    None
 Sticks to Snakes         Tmut           ######..     1%          2    None
 Sublimation of Blood     Necr           ######....   1%          2    None
 Call Canine Familiar     Summ           ######..     1%          3    None
 Confusing Touch          Hex            ######..     1%          3    None
 Conjure Flame            Conj/Fire      ######..     1%          3    None
 Dazzling Flash           Conj/Hex       ######       1%          3    None
 Gell's Gravitas          Tloc           ######....   1%          3    None
 Inner Flame              Hex/Fire       ######..     1%          3    None
 Lesser Beckoning         Tloc           ######....   1%          3    None
 Portal Projectile        Hex/Tloc       ######       1%          3    None
 Spectral Weapon          Hex/Chrm       ######..     1%          3    None
 Spider Form              Tmut/Pois      ######....   1%          3    None
 Stone Arrow              Conj/Erth      ######       1%          3    None
 Summon Guardian Golem    Hex/Summ       ######..     1%          3    None
 Teleport Other           Tloc           ######..     1%          3    None
 Tukima's Dance           Hex            ######..     1%          3    None
 Vampiric Draining        Necr           ######....   1%          3    None
 Cause Fear               Hex            ######....   1%          4    None
 Dispel Undead            Necr           ######..     1%          4    None
 Fulminant Prism          Conj/Hex       ######....   1%          4    None
 Ice Form                 Ice/Tmut       ######..     1%          4    None
 Iskenderun's Mystic Bla  Conj/Tloc      ######..     1%          4    None
 Leda's Liquefaction      Hex/Erth       ######....   1%          4    None
 Petrify                  Tmut/Erth      ######..     1%          4    None
 Summon Lightning Spire   Summ/Air       ######..     1%          4    None
 Agony                    Necr           ######..     1%          5    ###....
 Blade Hands              Tmut           ######....   1%          5    ###....
 Excruciating Wounds      Chrm/Necr      ######....   1%          5    ###....
 Fireball                 Conj/Fire      ######....   1%          5    ###....
 Irradiate                Conj/Tmut      ######....   1%          5    ###....
 Iskenderun's Battlesphe  Conj/Chrm      ######..     1%          5    ###....
 Lee's Rapid Deconstruct  Erth           ######....   1%          5    ###....
 Metabolic Englaciation   Hex/Ice        ######....   1%          5    ###....
 Silence                  Hex/Air        ######....   1%          5    ###....
 Summon Forest            Summ/Tloc      ######....   1%          5    ###....
 Summon Mana Viper        Hex/Summ       ######..     1%          5    ###....
 Yara's Violent Unravell  Hex/Tmut       ######....   1%          5    ###....
 Ozocubu's Refrigeration  Ice            ######....   1%          6    #####..
 Simulacrum               Ice/Necr       ######....   2%          6    #####..
 Conjure Ball Lightning   Conj/Air       ######....   3%          6    #####..
 Dispersal                Tloc           ######....   3%          6    #####..
 Hydra Form               Tmut           ######....   3%          6    #####..
 Shadow Creatures         Summ           N/A          3%          6    #####..
 Statue Form              Tmut/Erth      ######...    3%          6    #####..
 Dragon Form              Tmut           ######....   19%         7    ######.
 Haunt                    Necr/Summ      ######....   19%         7    ######.
 Malign Gateway           Summ/Tloc      ######....   19%         7    ######.
 Ring of Flames           Chrm/Fire      ######....   19%         7    ######.
 Death's Door             Chrm/Necr      ######....   80%         8    #######
 Discord                  Hex            ######....   80%         8    #######
 Disjunction              Tloc           ######....   80%         8    #######
 Lehudib's Crystal Spear  Conj/Erth      ######....   80%         8    #######


Dungeon Overview and Level Annotations

Branches:
Dungeon (15/15)            Temple (0/1) D:4            Lair (6/6) D:11
  Swamp (4/4) Lair:2       Spider (0/4) Lair:4          Orc (2/2) D:9
    Elf (0/3) Orc:2        Vaults (0/5) D:14         Depths (2/5) D:15
  IceCv (visited)
  Slime: Lair:5-6

Altars:
Ashenzari
Cheibriados
Dithmenos
Fedhas
Kikubaaqudgha
Nemelex Xobeh
Okawaru
Qazlal
Ru
Sif Muna
Trog
Uskayaw
Wu Jian
Xom
Yredelemnul
The Shining One
Beogh
Lugonu

Shops:
D:9 *   D:12 :   D:13 :   D:14 [   Orc:2 }:[%*

Portals:
Hell: Depths:1
Abyss: Depths:2

Annotations:
Lair:5 2 transporters, exclusion: 5 oklob plants, mortelune's ghost, journeyman CeFi
Orc:1 2 runed translucent doors, Okyog's ghost, journeyman FoFi


Innate Abilities, Weirdness & Mutations

Your experience applies equally to all skills.
You have very sharp teeth.
Your uncanny sense of smell can sniff out nearby items.


Message History

The blast of flame hits you!!
Your icy armour melts away.
You resist.
* * * LOW HITPOINT WARNING * * *
Your ice beast hits the fire dragon but does no damage.
The heat melts your icy armour.
Unknown command.
Unknown command.
You feel much better. The fire dragon closely misses you.
The fire dragon completely misses you. x2
Your ice beast hits the fire dragon but does no damage. x2
Unknown command.
Unknown command.
You barely miss the fire dragon.
The fire dragon is lightly wounded.
The fire dragon breathes flames at you. The blast of flame hits you!!
You resist.
* * * LOW HITPOINT WARNING * * *
The blast of flame hits you!! You resist.
You die...

.............#..########....
###. ########.#..###..##
#... #. ###...#####..# #...
## #....#######.###..# #.. #
#.##..#########..#..C.#
#.###..#######'.)..# #.#
##..#####.'#[....# #.#
##..###..###..#... #.#
#####@.#####..# . #.#
##YD##≈.≈##... #.#
##.Y###.≈.≈##..# #.#
##.)..##≈.≈.≈#### #.#
##...#..##≈.≈.≈# #.#
##...#....##≈.≈##
#.###..........##≈##D
#.##..#.....#...###Q
#.##...#.....#..###=


You could see a fire dragon and 2 friendly ice beasts.

Vanquished Creatures
  Nikola (Depths:2)
  A thorn hunter (Swamp:1)
  3 tengu reavers (Depths:1)
  Agnes (D:15)
  2 fire giants (Depths:2)
  Donald (Swamp:1)
  3 frost giants
  12 very ugly things
  4 stone giants
  2 ettins
  5 fire dragons (Depths:2)
  A great orb of eyes (Depths:2)
  3 vault guards (D:14)
  3 rakshasas (Depths:1)
  2 ghost crabs
  22 hydras
  6 shambling mangroves
  4 ice dragons (Depths:2)
  Erica (Orc:1)
  5 dancing weapons (Depths:2)
  7 alligators
  3 centaur warriors
  An ogre mage (D:15)
  8 two-headed ogres
  3 deep troll shamans (Depths:1)
  4 deep troll earth magi (Depths:1)
  9 tengu warriors
  6 orc high priests
  3 spriggan berserkers (Swamp:4)
  Nergalle (Lair:1)
  2 iron trolls (Depths:1)
  3 skeletal warriors (D:11)
  5 deep trolls (Depths:1)
  11 swamp dragons
  A death drake (Swamp:3)
  2 unseen horrors
  3 wizards
  2 harpies (Depths:1)
  3 spectral hydras (Swamp:3)
  8 orc knights
  A necromancer (D:15)
  A harpy (shapeshifter) (D:14)
  4 orc sorcerers
  A cyclops (Orc:2)
  2 manticores
  4 deep elf magi
  23 ugly things
  2 ice statues (IceCv)
  2 black mambas
  Maggie (Lair:1)
  24 spiny frogs
  A gargoyle (D:15)
  6 torpor snails (Lair:5)
  2 yaktaurs
  3 rime drakes
  3 swamp worm zombies (Swamp:3)
  5 spectral swamp worms (Depths:1)
  4 komodo dragons
  A yaktaur (shapeshifter) (Depths:1)
  16 polar bears
  3 tengu conjurers
  A hornet (shapeshifter) (Depths:1)
  5 trolls
  Grinder (D:5)
  Prince Ribbit (D:5)
  2 wolf spider simulacra
  20 hornets
  10 tyrant leeches
  2 alligator zombies (Swamp:3)
  13 hippogriffs
  3 spectral swamp dragons (Swamp:3)
  A raiju (shapeshifter) (Depths:2)
  16 bog bodies
  2 dream sheep (Lair:6)
  16 blink frogs
  16 slime creatures
  2 redbacks (Lair:4)
  A meliai zombie (D:10)
  4 shadows
  A wraith (Swamp:3)
  A vampire (D:13)
  A basilisk (Lair:2)
  A water elemental (Depths:1)
  36 yaks
  2 wyverns
  A human (D:14)
  10 spriggans
  3 wargs
  A harpy simulacrum (D:15)
  14 vampire mosquitoes
  16 swamp worms
  2 steam dragons
  5 insubstantial wisps
  3 spiny frog zombies (Swamp:3)
  2 acid dragons (D:15)
  4 water moccasins
  3 sky beasts
  A hornet zombie (D:15)
  A floating eye (Depths:2)
  35 orc warriors
  6 porcupines
  10 swamp drakes
  5 ice beasts
  An eye of draining (shapeshifter) (Depths:1)
  An ogre (shapeshifter) (Depths:1)
  2 phantoms
  4 eyes of draining
  A necrophage (D:7)
  3 black bears
  19 ogres
  4 boggarts (Depths:2)
  14 centaurs
  13 wolves
  8 crocodiles
  4 big kobolds
  26 bullfrogs
  4 scorpions
  11 killer bees
  A spriggan zombie (Swamp:3)
  A troll zombie (Swamp:3)
  7 wights
  6 howler monkeys
  4 centaur zombies
  8 electric eels
  5 crimson imps
  A quasit (D:7)
  3 bullfrog zombies
  Crazy Yiuf (D:7)
  29 orc wizards
  32 orc priests
  4 centaur skeletons
  7 hounds
  3 jellies
  A bullfrog skeleton (D:11)
  A gnoll shaman (D:5)
  Ijyb (D:4)
  10 worker ants
  3 hound skeletons
  Robin (D:4)
  A howler monkey zombie (D:7)
  19 adders
  6 gnolls
  A shadow imp (D:12)
  6 white imps (Lair:1)
  3 adder skeletons
  2 worms (D:3)
  A dart slug (D:1)
  3 leopard geckos
  82 orcs
  2 giant cockroaches (D:3)
  14 goblins
  11 hobgoblins
  5 jackals
  18 kobolds
  3 quokkas
  3 ball pythons
  6 bats
  4 frilled lizards
  A quokka skeleton (D:5)
  6 rats
  2 briar patches (Swamp:1)
  8 fungi
  11 plants
  A withered plant (Swamp:3)
1019 creatures vanquished.

Vanquished Creatures (collateral kills)
  Snorg (Lair:5)
  4 hydras
  A shambling mangrove (Swamp:3)
  An alligator (Swamp:3)
  A death knight (D:11)
  A two-headed ogre (D:11)
  A necromancer (Swamp:3)
  A phantasmal warrior (D:12)
  An ugly thing (D:14)
  Joseph (Lair:1)
  A torpor snail (Lair:6)
  A centaur skeleton (D:15)
  4 spiny frogs
  A komodo dragon (Lair:2)
  2 swamp worm zombies (Swamp:3)
  A polar bear (IceCv)
  2 hornets
  6 bog bodies
  7 blink frogs (Lair:6)
  3 tyrant leeches
  A hippogriff (Lair:1)
  A dream sheep (Lair:3)
  2 yaks (IceCv)
  7 vampire mosquitoes
  2 tyrant leech zombies (Swamp:3)
  A warg (D:11)
  8 insubstantial wisps
  2 swamp worms (Swamp:2)
  A porcupine (Lair:3)
  2 spiny frog zombies (Swamp:3)
  3 water moccasins
  3 orc warriors (Orc:2)
  An ogre (Orc:2)
  2 wolves (Lair:6)
  Blork the orc (D:3)
  3 bullfrogs
  A killer bee (D:9)
  2 bullfrog skeletons
  4 orc wizards
  6 white imps (Lair:1)
  9 orcs
  A plant (Lair:3)
104 creatures vanquished.

Vanquished Creatures (others)
  An orc priest (Orc:2)
  An orc wizard (D:11)
  23 fungi
  30 plants (Lair:6)
  A withered plant (Swamp:3)
56 creatures vanquished.

Grand Total: 1179 creatures vanquished

Notes
Turn   | Place    | Note
-------+----------+-------------------------------------------
     0 | D:1      | gruber the Gnoll Ice Elementalist began the quest for the
                  | Orb.
     0 | D:1      | Reached XP level 1. HP: 13/13 MP: 6/6
   364 | D:1      | Reached XP level 2. HP: 16/19 MP: 4/7
   606 | D:2      | Found an ancient bone altar of Kikubaaqudgha.
   752 | D:2      | Reached skill level 5 in Spellcasting
   752 | D:2      | Reached XP level 3. HP: 15/25 MP: 3/9
   765 | D:2      | You fall into a shaft and drop 2 floors!
  1096 | D:3      | Learned a level 3 spell: Frozen Ramparts
  1100 | D:3      | Learned a level 3 spell: Ozocubu's Armour
  1103 | D:3      | Found an ornate altar of the Wu Jian Council.
  1136 | D:3      | Reached skill level 1 in Invocations
  1139 | D:3      | Reached skill level 1 in Fighting
  1139 | D:3      | Reached skill level 1 in Short Blades
  1139 | D:3      | Reached skill level 1 in Long Blades
  1139 | D:3      | Reached skill level 1 in Axes
  1139 | D:3      | Reached skill level 1 in Maces & Flails
  1139 | D:3      | Reached skill level 1 in Polearms
  1139 | D:3      | Reached skill level 1 in Staves
  1139 | D:3      | Reached skill level 1 in Slings
  1139 | D:3      | Reached skill level 1 in Bows
  1139 | D:3      | Reached skill level 1 in Crossbows
  1139 | D:3      | Reached skill level 1 in Throwing
  1139 | D:3      | Reached skill level 1 in Armour
  1139 | D:3      | Reached skill level 1 in Shields
  1139 | D:3      | Reached skill level 1 in Unarmed Combat
  1139 | D:3      | Reached skill level 1 in Evocations
  1139 | D:3      | Reached XP level 4. HP: 28/32 MP: 4/11
  1222 | D:3      | Reached skill level 1 in Conjurations
  1222 | D:3      | Reached skill level 1 in Hexes
  1222 | D:3      | Reached skill level 1 in Charms
  1222 | D:3      | Reached skill level 1 in Summonings
  1222 | D:3      | Reached skill level 1 in Necromancy
  1222 | D:3      | Reached skill level 1 in Translocations
  1222 | D:3      | Reached skill level 1 in Transmutations
  1222 | D:3      | Reached skill level 1 in Fire Magic
  1222 | D:3      | Reached skill level 1 in Air Magic
  1222 | D:3      | Reached skill level 1 in Earth Magic
  1222 | D:3      | Reached skill level 1 in Poison Magic
  1272 | D:3      | Reached XP level 5. HP: 37/37 MP: 9/12
  1616 | D:3      | Reached XP level 6. HP: 44/44 MP: 9/13
  1712 | D:3      | Noticed a black bear
  1723 | D:3      | Learned a level 4 spell: Hailstorm
  1728 | D:3      | Learned a level 4 spell: Summon Ice Beast
  1911 | D:3      | Found a sparkling altar of Nemelex Xobeh.
  2060 | D:3      | Noticed Blork the orc
  2169 | D:3      | Killed Blork the orc
  2257 | D:3      | Found a shimmering blue altar of Sif Muna.
  2563 | D:3      | Became a worshipper of Sif Muna the Loreminder
  2612 | D:4      | Reached skill level 5 in Dodging
  2773 | D:4      | Found an iron altar of Okawaru.
  2998 | D:2      | Found a stormy altar of Qazlal.
  3176 | D:2      | Found a glowing golden altar of the Shining One.
  3440 | D:4      | Found a staircase to the Ecumenical Temple.
  3451 | D:4      | Found a shimmering altar of Xom.
  3466 | D:4      | Noticed Robin
  3469 | D:4      | Reached XP level 7. HP: 49/50 MP: 11/15
  3472 | D:4      | Killed Robin
  3472 | D:4      | Reached * piety under Sif Muna
  3759 | D:4      | Found a snail-covered altar of Cheibriados.
  3804 | D:4      | Noticed Ijyb
  3813 | D:4      | Killed Ijyb
  4054 | D:4      | Found a glowing golden altar of the Shining One.
  4063 | D:5      | Entered Level 5 of the Dungeon
  4352 | D:5      | Reached skill level 5 in Stealth
  4842 | D:5      | Noticed Grinder
  4846 | D:5      | Paralysed by Grinder for 7 turns
  4849 | D:5      | HP: 2/51 [Grinder (4)]
  4850 | D:5      | Killed Grinder
  4850 | D:5      | Reached XP level 8. HP: 2/58 MP: 9/16
  5202 | D:5      | Noticed Prince Ribbit
  5234 | D:5      | Killed Prince Ribbit
  5367 | D:5      | Found a sacrificial altar of Ru.
  5526 | D:6      | Reached ** piety under Sif Muna
  5700 | D:6      | Found a shattered altar of Ashenzari.
  5970 | D:6      | Reached XP level 9. HP: 65/65 MP: 11/18
  6333 | D:7      | Found a hide-covered altar of Uskayaw.
  6768 | D:7      | Found a runed translucent door.
  6769 | D:7      | Noticed Crazy Yiuf
  7051 | D:7      | Killed Crazy Yiuf
  7184 | D:8      | Found a blossoming altar of Fedhas.
  7603 | D:8      | Found a basalt altar of Yredelemnul.
  8122 | D:9      | Reached skill level 5 in Invocations
  8263 | D:9      | Reached *** piety under Sif Muna
  8278 | D:9      | Reached XP level 10. HP: 73/73 MP: 12/20
  8462 | D:9      | Found Mauqi's Serpentskin Sales.
  8776 | D:9      | Found a staircase to the Orcish Mines.
  8796 | D:9      | Reached skill level 5 in Fighting
  8796 | D:9      | Reached skill level 5 in Short Blades
  8796 | D:9      | Reached skill level 5 in Long Blades
  8796 | D:9      | Reached skill level 5 in Axes
  8796 | D:9      | Reached skill level 5 in Maces & Flails
  8796 | D:9      | Reached skill level 5 in Polearms
  8796 | D:9      | Reached skill level 5 in Staves
  8796 | D:9      | Reached skill level 5 in Slings
  8796 | D:9      | Reached skill level 5 in Bows
  8796 | D:9      | Reached skill level 5 in Crossbows
  8796 | D:9      | Reached skill level 5 in Throwing
  8796 | D:9      | Reached skill level 5 in Armour
  8796 | D:9      | Reached skill level 5 in Shields
  8796 | D:9      | Reached skill level 5 in Unarmed Combat
  8796 | D:9      | Reached skill level 5 in Evocations
  9190 | D:9      | Learned a level 2 spell: Blink
  9194 | D:9      | Learned a level 3 spell: Mephitic Cloud
  9403 | D:10     | Entered Level 10 of the Dungeon
  9626 | D:10     | Noticed a two-headed ogre
  9636 | D:10     | Killed a two-headed ogre
  9817 | D:10     | Reached **** piety under Sif Muna
 10048 | D:10     | Got a translucent long sword
 10049 | D:10     | Identified the cursed +0 long sword "Vomuar" {venom, +Rage
                  | Str+2 Int+2} (You found it on level 10 of the Dungeon)
 10623 | D:11     | Noticed a two-headed ogre
 10630 | D:11     | Killed a two-headed ogre
 10630 | D:11     | Reached XP level 11. HP: 81/81 MP: 2/22
 11014 | D:11     | Noticed a death knight
 11020 | D:11     | Noticed a skeletal warrior
 11022 | D:11     | Noticed a phantasmal warrior
 11044 | D:11     | Noticed a skeletal warrior
 11313 | D:11     | Found a staircase to the Lair.
 11345 | Lair:1   | Entered Level 1 of the Lair of Beasts
 11355 | Lair:1   | Noticed Joseph
 11363 | Lair:1   | Killed Joseph
 11363 | Lair:1   | Reached skill level 5 in Conjurations
 11363 | Lair:1   | Reached skill level 5 in Hexes
 11363 | Lair:1   | Reached skill level 5 in Charms
 11363 | Lair:1   | Reached skill level 5 in Summonings
 11363 | Lair:1   | Reached skill level 5 in Necromancy
 11363 | Lair:1   | Reached skill level 5 in Translocations
 11363 | Lair:1   | Reached skill level 5 in Transmutations
 11363 | Lair:1   | Reached skill level 5 in Fire Magic
 11363 | Lair:1   | Reached skill level 5 in Air Magic
 11363 | Lair:1   | Reached skill level 5 in Earth Magic
 11363 | Lair:1   | Reached skill level 5 in Poison Magic
 11472 | Lair:1   | Noticed Nergalle
 11491 | Lair:1   | Killed Nergalle
 11492 | Lair:1   | Noticed Maggie
 11499 | Lair:1   | Killed Maggie
 11855 | Lair:1   | Found a frozen archway.
 11869 | Lair:1   | Reached ***** piety under Sif Muna
 11877 | Lair:1   | Identified Sif Muna's Guide on the Excruciating Escort (Sif
                  | Muna gifted it to you on level 1 of the Lair of Beasts)
 11877 | Lair:1   | Received a gift from Sif Muna
 11943 | IceCv    | Entered an ice cave
 12364 | IceCv    | Learned a level 4 spell: Sticky Flame
 12699 | IceCv    | Reached XP level 12. HP: 89/89 MP: 14/24
 12947 | IceCv    | Noticed a frost giant
 13202 | IceCv    | Identified the +4 great sword "Wycof" {vorpal, *Drain rElec
                  | MR++}
 13214 | IceCv    | Killed a frost giant
 15122 | Lair:2   | Noticed an eight-headed hydra
 15136 | Lair:2   | Killed an eight-headed hydra
 15693 | Lair:2   | Noticed a five-headed hydra
 15693 | Lair:2   | Noticed a four-headed hydra
 15725 | Lair:2   | Killed a four-headed hydra
 15840 | Lair:2   | Killed a five-headed hydra
 15840 | Lair:2   | Reached XP level 13. HP: 98/98 MP: 2/26
 16275 | Lair:2   | Found a staircase to the Swamp.
 18192 | Lair:4   | Found a hole to the Spider Nest.
 18998 | Lair:4   | Got a steaming flail
 18999 | Lair:4   | Identified the +4 flail of Experimentation {protect, +Inv
                  | rF+ rC+ Dex-5} (You found it on level 4 of the Lair of
                  | Beasts)
 19035 | Lair:5   | Found a transporter.
 19182 | Lair:5   | Found a transporter.
 19192 | Lair:5   | Noticed mortelune's ghost (journeyman CeFi)
 19461 | Lair:5   | Found a snail-covered altar of Cheibriados.
 19642 | Lair:5   | Noticed Snorg
 19651 | Lair:5   | Killed Snorg
 20522 | Lair:6   | Entered Level 6 of the Lair of Beasts
 20539 | Lair:6   | Reached skill level 10 in Ice Magic
 21053 | Lair:6   | Identified Sif Muna's Almanac of Stones (Sif Muna gifted it
                  | to you on level 6 of the Lair of Beasts)
 21053 | Lair:6   | Received a gift from Sif Muna
 21244 | Lair:6   | Reached skill level 10 in Spellcasting
 21375 | Lair:6   | Reached XP level 14. HP: 85/106 MP: 14/28
 21894 | Lair:6   | Reached skill level 10 in Dodging
 22512 | Lair:6   | Found the ring of Robustness {AC+8}
 22800 | Lair:6   | Got a scorched ring mail
 22801 | Lair:6   | Identified the +1 ring mail of Honour {MP-9 Str+4 Dex+5}
                  | (You found it on level 6 of the Lair of Beasts)
 23429 | D:12     | Found Curch's Book Boutique.
 23587 | D:12     | Reached skill level 10 in Stealth
 23835 | D:12     | Received a gift from Sif Muna
 23870 | D:12     | Learned a level 6 spell: Freezing Cloud
 24288 | D:13     | Reached skill level 10 in Invocations
 24364 | D:13     | Found Duigh's Book Emporium.
 25349 | D:14     | Found a gate leading to a gauntlet.
 25516 | D:14     | Found a shadowy altar of Dithmenos.
 25902 | D:14     | Found Esarioda's Antique Armour Shoppe.
 25910 | D:14     | Bought a pair of brightly glowing boots for 218 gold pieces
 25919 | D:14     | Identified the cursed +0 pair of boots "Xontiff" {MR+
                  | rCorr} (You bought it in a shop on level 14 of the Dungeon)
 26000 | D:14     | Identified Sif Muna's Catalogue of Sinister Arts and
                  | Displacement (Sif Muna gifted it to you on level 14 of the
                  | Dungeon)
 26000 | D:14     | Received a gift from Sif Muna
 26000 | D:14     | Reached XP level 15. HP: 111/114 MP: 8/29
 26672 | D:14     | Found a gate to the Vaults.
 26991 | D:15     | Entered Level 15 of the Dungeon
 27622 | D:15     | Found a staircase to the Depths.
 27905 | D:15     | Reached skill level 10 in Fighting
 27905 | D:15     | Reached skill level 10 in Short Blades
 27905 | D:15     | Reached skill level 10 in Long Blades
 27905 | D:15     | Reached skill level 10 in Axes
 27905 | D:15     | Reached skill level 10 in Maces & Flails
 27905 | D:15     | Reached skill level 10 in Polearms
 27905 | D:15     | Reached skill level 10 in Staves
 27905 | D:15     | Reached skill level 10 in Slings
 27905 | D:15     | Reached skill level 10 in Bows
 27905 | D:15     | Reached skill level 10 in Crossbows
 27905 | D:15     | Reached skill level 10 in Throwing
 27905 | D:15     | Reached skill level 10 in Armour
 27905 | D:15     | Reached skill level 10 in Shields
 27905 | D:15     | Reached skill level 10 in Unarmed Combat
 27905 | D:15     | Reached skill level 10 in Evocations
 27912 | D:15     | Noticed Agnes
 27927 | D:15     | Killed Agnes
 28152 | D:15     | Received a gift from Sif Muna
 29491 | Orc:1    | Entered Level 1 of the Orcish Mines
 29750 | Orc:1    | Found a roughly hewn altar of Beogh.
 29811 | Orc:1    | Found a large runed translucent door.
 29812 | Orc:1    | Found a large runed translucent door.
 29813 | Orc:1    | Noticed Okyog's ghost (journeyman FoFi)
 30145 | Orc:1    | Noticed Erica
 30155 | Orc:1    | Killed Erica
 30588 | Orc:2    | Entered Level 2 of the Orcish Mines
 30588 | Orc:2    | Found a bloodstained altar of Trog.
 30593 | Orc:2    | Found Ayhusoco's Alliterative Accessories.
 30609 | Orc:2    | Found a staircase to the Elven Halls.
 30854 | Orc:2    | Received a gift from Sif Muna
 31209 | Orc:2    | Reached XP level 16. HP: 104/122 MP: 11/31
 32016 | Orc:2    | Found Enywuz Adar's Antique Armour Emporium.
 32017 | Orc:2    | Found Ycry's Gadget Emporium.
 32046 | Orc:2    | Found Iheothrenk's Book Shoppe.
 32047 | Orc:2    | Found Bothryuce's Food Emporium.
 32404 | Swamp:1  | Entered Level 1 of the Swamp
 32509 | Swamp:1  | Noticed Donald
 32588 | Swamp:1  | Noticed a thorn hunter
 32737 | Swamp:1  | Killed a thorn hunter
 33338 | Swamp:1  | Killed Donald
 33348 | Swamp:1  | Identified Sif Muna's Almanac of Attacks (Sif Muna gifted
                  | it to you on level 1 of the Swamp)
 33348 | Swamp:1  | Received a gift from Sif Muna
 35998 | Swamp:3  | Received a gift from Sif Muna
 36255 | Swamp:3  | Got a twisted scimitar
 36256 | Swamp:3  | Identified the +5 scimitar of Compound Interest {vorpal,
                  | Int+3} (You found it on level 3 of the Swamp)
 38185 | Swamp:3  | Reached XP level 17. HP: 120/129 MP: 13/33
 38577 | Swamp:4  | Entered Level 4 of the Swamp
 39166 | Swamp:4  | Identified Cirink's Collected Works on the Supportive Oath
                  | (Sif Muna gifted it to you on level 4 of the Swamp)
 39166 | Swamp:4  | Received a gift from Sif Muna
 41077 | Swamp:4  | Got a decaying rune of Zot
 41995 | Depths:1 | Entered Level 1 of the Depths
 42367 | Depths:1 | Found a gateway to Hell.
 42380 | Depths:1 | Received a gift from Sif Muna
 42940 | Depths:1 | Reached skill level 10 in Conjurations
 42940 | Depths:1 | Reached skill level 10 in Hexes
 42940 | Depths:1 | Reached skill level 10 in Charms
 42940 | Depths:1 | Reached skill level 10 in Summonings
 42940 | Depths:1 | Reached skill level 10 in Necromancy
 42940 | Depths:1 | Reached skill level 10 in Translocations
 42940 | Depths:1 | Reached skill level 10 in Transmutations
 42940 | Depths:1 | Reached skill level 10 in Fire Magic
 42940 | Depths:1 | Reached skill level 10 in Air Magic
 42940 | Depths:1 | Reached skill level 10 in Earth Magic
 42940 | Depths:1 | Reached skill level 10 in Poison Magic
 42950 | Depths:1 | Got a twisted scale mail
 42951 | Depths:1 | Identified the cursed +1 scale mail "Yschun" {rPois rF+
                  | Dex-3} (You found it on level 1 of the Depths)
 43030 | Depths:1 | Reached XP level 18. HP: 47/137 MP: 4/34
 44621 | Depths:2 | Found a shattered altar of Ashenzari.
 44658 | Depths:2 | Learned a level 6 spell: Iron Shot
 45012 | Depths:2 | Found a corrupted altar of Lugonu.
 45012 | Depths:2 | Found a one-way gate to the infinite horrors of the Abyss.
 45612 | Depths:2 | Noticed Nikola
 45633 | Depths:2 | Killed Nikola
 46784 | Depths:2 | HP: 3/138 [fire dragon/blast of flame (20)]
 46786 | Depths:2 | Killed from afar by a fire dragon

Levels and vault maps discovered:
D:1:      dpeg_arrival_line_fractal, layout_rooms
D:2:      layout_basic, kiku_gazebo_pond_becter, grunt_qazlal_clouds,
          lemuel_statue_altar
D:3:      layout_loops_ring, tgw_sif, lemuel_crystal_altar,
          nemelex_xobeh_ov_fountains_minmay
D:4:      layout_basic, xom_teletrap_fun, nicolae_overflow_hidden_temple,
          grunt_temple_overflow_open, minmay_temple_entry_tees, first_ration,
          minmay_quadrilaterals, uniq_robin, uniq_ijyb
D:5:      layout_gridville, nicolae_ru_great_annihilating_truth, uniq_grinder,
          uniq_prince_ribbit1
D:6:      layout_cave_pools, lemuel_crystal_altar, uniq_blork_the_orc
D:7:      layout_basic, overflow_temple_1_default, uniq_crazy_yiuf_cottage
D:8:      layout_loops_ring, fedhas_altar_1, yredelemnul_altar_generic
D:9:      layout_loops_cross, orc_0_dummy, guppyfry_shop_venom
D:10:     minmay_bubble_buster, layout_loops_ring
D:11:     layout_cave_pools, erik_lair_orcish_takeover
D:12:     layout_roguey, serial_shops, kennysheep_mini
D:13:     layout_gridville, serial_rivers, chequers_serial_rivers_micro_d,
          chequers_serial_rivers_small_b, chequers_serial_rivers_small_a,
          chequers_serial_rivers_micro_d, chequers_serial_rivers_large_a,
          chequers_serial_rivers_micro_b, serial_shops, nicolae_shop_stone
D:14:     layout_roguey, grunt_vaults_entry_fortified, gauntlet_entry_generic,
          basic_altar, serial_shops, shop_fountains, grunt_livestock,
          minivault_4
D:15:     grunt_enter_depths_magical_seal, layout_long_grid, uniq_agnes
Lair:1:   layout_chaotic_city, portal_ice_cave_entry_imps, grunt_megastairs_4,
          lemuel_fruit_tree, serial_bayou_shore_a, infiniplex_staircase_pool_2,
          uniq_nergalle, uniq_joseph, uniq_maggie
Lair:2:   layout_gridlike, palyth_hydra_swamp_entry, infiniplex_staircase_pool
Lair:3:   layout_big_grid, wad_woods_river_01
Lair:4:   layout_cave_pods, spider_nest_entry_webs, minivault_26
Lair:5:   layout_layer_cave, minmay_slime_entry_oklob_open,
          gammafunk_ghost_arena, minivault_26, kennysheep_snail_temple,
          uniq_snorg
Lair:6:   minmay_lair_end_frog_pond, layout_misc_corridors
Swamp:1:  layout_basic_swamp, evilmike_swamp_ruin_rubble_2, uniq_donald
Swamp:2:  layout_basic_swamp, nicolae_swamp_stair_fork, swamp_pool1
Swamp:3:  cheibrodos_swamp_mausoleum, layout_basic_swamp,
          evilmike_swamp_ruin_house_6
Swamp:4:  swamp_basic_johnstein, layout_basic_swamp, swamp_pool1, kb_tengu_band
Orc:1:    layout_caves, basic_altar, ebering_ghost_disaster_area, uniq_erica
Orc:2:    st_orc_pillars, layout_caves, basic_altar, nicolae_alphabet_shops
Depths:1: layout_gridlike, pf_hell_entry_tar_river,
          chequers_serial_rivers_micro_d, minmay_misc_feat_tower, st_stairs_8,
          drop_trap, minmay_misc_feat_roman, serial_bayou_pond_a,
          hangedman_aviary
Depths:2: regret_index_qazlal_generations, layout_basic,
          abyss_entry_flame_altar, ashenzari_altar_1, grunt_hell_entry_dis_old,
          uniq_nikola

Skill      XL: |  1  2  3  4  5  6  7  8  9 10 11 12 13 14 15 16 17 18 |
---------------+-------------------------------------------------------+-----
Spellcasting   | 5 6 7 8 9 10 11 12 13 | 13.1
Invocations    | 1 2 3 4 5 6 7 8 9 10 11 12 13 | 13.2
Fighting       | 1 2 3 4 5 6 7 8 9 10 11 12 | 12.2
Short Blades   | 1 2 3 4 5 6 7 8 9 10 11 12 | 12.2
Long Blades    | 1 2 3 4 5 6 7 8 9 10 11 12 | 12.2
Axes           | 1 2 3 4 5 6 7 8 9 10 11 12 | 12.2
Maces & Flails | 1 2 3 4 5 6 7 8 9 10 11 12 | 12.2
Polearms       | 1 2 3 4 5 6 7 8 9 10 11 12 | 12.2
Staves         | 1 2 3 4 5 6 7 8 9 10 11 12 | 12.2
Slings         | 1 2 3 4 5 6 7 8 9 10 11 12 | 12.2
Bows           | 1 2 3 4 5 6 7 8 9 10 11 12 | 12.2
Crossbows      | 1 2 3 4 5 6 7 8 9 10 11 12 | 12.2
Throwing       | 1 2 3 4 5 6 7 8 9 10 11 12 | 12.2
Armour         | 1 2 3 4 5 6 7 8 9 10 11 12 | 12.2
Shields        | 1 2 3 4 5 6 7 8 9 10 11 12 | 12.2
Unarmed Combat | 1 2 3 4 5 6 7 8 9 10 11 12 | 12.2
Evocations     | 1 2 3 4 5 6 7 8 9 10 11 12 | 12.2
Conjurations   | 1 2 3 4 5 6 7 8 9 10 | 10.5
Hexes          | 1 2 3 4 5 6 7 8 9 10 | 10.5
Charms         | 1 2 3 4 5 6 7 8 9 10 | 10.5
Summonings     | 1 2 3 4 5 6 7 8 9 10 | 10.5
Necromancy     | 1 2 3 4 5 6 7 8 9 10 | 10.5
Translocations | 1 2 3 4 5 6 7 8 9 10 | 10.5
Transmutations | 1 2 3 4 5 6 7 8 9 10 | 10.5
Fire Magic     | 1 2 3 4 5 6 7 8 9 10 | 10.5
Air Magic      | 1 2 3 4 5 6 7 8 9 10 | 10.5
Earth Magic    | 1 2 3 4 5 6 7 8 9 10 | 10.5
Poison Magic   | 1 2 3 4 5 6 7 8 9 10 | 10.5
Dodging        | 5 6 7 8 9 10 11 12 13 | 13.0
Stealth        | 5 6 7 8 9 10 11 12 | 12.8
Ice Magic      | 8 9 10 11 12 | 12.4

Action                   |  1- 3 |  4- 6 |  7- 9 | 10-12 | 13-15 | 16-18 || total
-------------------------+-------+-------+-------+-------+-------+-------++-------
Melee: Unarmed           |     5 |       |       |       |       |       ||     5
       Trident           |    24 |    62 |       |       |       |       ||    86
       Bite              |     1 |     7 |    14 |    45 |    81 |   107 ||   255
       Mace              |       |    18 |       |       |       |       ||    18
       Short sword       |       |    13 |    21 |       |       |       ||    34
       Punch             |       |     1 |     6 |    12 |    11 |    21 ||    51
       Dagger            |       |       |   128 |       |       |       ||   128
       Quarterstaff      |       |       |     8 |    67 |       |       ||    75
       Long sword        |       |       |       |   240 |    47 |       ||   287
       Staff             |       |       |       |       |   224 |   290 ||   514
       Flail             |       |       |       |       |   525 |   799 ||  1324
       Scimitar          |       |       |       |       |       |     3 ||     3
Throw: Dart              |       |       |     1 |    21 |    15 |     1 ||    38
 Cast: Freeze            |    22 |     6 |    19 |    57 |   107 |    30 ||   241
       Frozen Ramparts   |     1 |    23 |    29 |    66 |   101 |    59 ||   279
       Summon Ice Beast  |       |     1 |     8 |    48 |    60 |    67 ||   184
       Ozocubu's Armour  |       |     1 |     6 |     2 |    16 |    62 ||    87
       Hailstorm         |       |       |     9 |    54 |    75 |    43 ||   181
       Sticky Flame      |       |       |       |    25 |    40 |    22 ||    87
       Blink             |       |       |       |     5 |     1 |     2 ||     8
       Mephitic Cloud    |       |       |       |     2 |     3 |     1 ||     6
       Freezing Cloud    |       |       |       |       |    36 |   141 ||   177
       Iron Shot         |       |       |       |       |       |    27 ||    27
Invok: Channel Magic     |       |       |       |     4 |     1 |     3 ||     8
Evoke: Wand              |       |       |       |     2 |     3 |     1 ||     6
  Use: Scroll            |       |       |       |     4 |    22 |     9 ||    35
       Potion            |       |       |       |       |     1 |     1 ||     2
 Stab: Sleeping          |     4 |     5 |     6 |     5 |    13 |     7 ||    40
       Distracted        |       |       |     1 |     1 |     6 |     8 ||    16
       Paralysed         |       |       |     1 |       |       |     5 ||     6
       Confused          |       |       |       |     1 |     2 |     2 ||     5
  Eat: Chunk             |     1 |     8 |    18 |    22 |    58 |    48 ||   155
       Ration            |       |       |       |     3 |     2 |    14 ||    19
Armor: Robe              |     3 |    24 |    37 |     4 |       |       ||    68
       Troll leather arm |       |       |       |   125 |   304 |   499 ||   928
       Swamp dragon scal |       |       |       |       |       |    18 ||    18
Dodge: Dodged            |    29 |    68 |   111 |   331 |   541 |   652 ||  1732
Block: Buckler           |       |       |       |       |   193 |   259 ||   452
       Rpst.: Long sword |       |       |       |    71 |    11 |       ||    82

Table legend:
 A = Non-vault XP
 B = Vault XP
 C = Vault XP percentage of total XP
 D = Non-vault monster count
 E = Vault monster count
 F = Vault count percentage of total count
                 A         B        C        D         E       F
            +---------+---------+-------+---------+---------+-------
      Total |  178143 |  130235 |  42.2 |     755 |     347 |  31.5
            +---------+---------+-------+---------+---------+-------
        D:1 |      16 |       0 |   0.0 |       9 |       0 |   0.0
        D:2 |     107 |       0 |   0.0 |      20 |       0 |   0.0
        D:3 |     325 |      60 |  15.6 |      35 |       1 |   2.8
        D:4 |     319 |      88 |  21.6 |      19 |      12 |  38.7
        D:5 |     257 |     622 |  70.8 |      12 |       6 |  33.3
        D:6 |     634 |       0 |   0.0 |      12 |       0 |   0.0
        D:7 |     812 |      42 |   4.9 |      12 |       1 |   7.7
        D:8 |     740 |       0 |   0.0 |      13 |       0 |   0.0
        D:9 |    1869 |      27 |   1.4 |      30 |       3 |   9.1
       D:10 |    2328 |     600 |  20.5 |      24 |      10 |  29.4
       D:11 |    4864 |     612 |  11.2 |      41 |       8 |  16.3
       D:12 |    5982 |      35 |   0.6 |      35 |       1 |   2.8
       D:13 |    8879 |       0 |   0.0 |      33 |       0 |   0.0
       D:14 |   11910 |    6897 |  36.7 |      40 |      15 |  27.3
       D:15 |   13785 |    5645 |  29.1 |      45 |       9 |  16.7
     Lair:1 |    3181 |    1929 |  37.7 |      15 |      17 |  53.1
     Lair:2 |    4453 |    2178 |  32.8 |      21 |       5 |  19.2
     Lair:3 |    1818 |     866 |  32.3 |      10 |       5 |  33.3
     Lair:4 |    2794 |     454 |  14.0 |      13 |       2 |  13.3
     Lair:5 |    1885 |    3775 |  66.7 |       9 |       8 |  47.1
     Lair:6 |    8386 |   10710 |  56.1 |      31 |      46 |  59.7
    Swamp:1 |    9318 |    1889 |  16.9 |      18 |       1 |   5.3
    Swamp:2 |   10578 |       0 |   0.0 |      36 |       0 |   0.0
    Swamp:3 |   13223 |    9242 |  41.1 |      35 |      35 |  50.0
    Swamp:4 |   16681 |   23645 |  58.6 |      47 |      38 |  44.7
      Orc:1 |    3223 |     918 |  22.2 |      35 |       1 |   2.8
      Orc:2 |    3381 |   10385 |  75.4 |      49 |      51 |  51.0
   Depths:1 |   29452 |   12275 |  29.4 |      36 |      15 |  29.4
   Depths:2 |   16943 |   27547 |  61.9 |      20 |      21 |  51.2
      IceCv |       0 |    9794 | 100.0 |       0 |      36 | 100.0
            +---------+---------+-------+---------+---------+-------
